 Dungeon Crawl Stone Soup version 0.30-a0-331-g8ab09dc110 (webtiles) character file.

Game seed: 227841109873638808

44 p00ps00p the Trooper (level 3, -3/30 HPs)
             Began as a Demonspawn Fighter on Oct 30, 2022.
             Slain by Sigmund
             ... wielding a +2 scythe of flaming
              (5 damage)
             ... on level 2 of the Dungeon.
             The game lasted 00:02:58 (926 turns).

p00ps00p the Trooper (Demonspawn Fighter)            Turns: 926, Time: 00:02:59

Health: -3/30      AC:  6    Str: 16    XL:     3   Next: 39%
Magic:  3/3        EV:  8    Int:  9    God:
Gold:   55         SH:  4    Dex: 14    Spells: 2/2 levels left

rFire   . . .      SeeInvis .    a - +0 war axe
rCold   . . .      Faith    .    c - +0 buckler
rNeg    . . .      Spirit   .    b - +0 scale mail
rPois   .          Reflect  .    (no helmet)
rElec   .          Harm     .    (no cloak)
rCorr   .          Rampage  .    (no gloves)
Will    .....                    (no boots)
Stlth   ..........               (no amulet)
HPRegen 0.25/turn                (no ring)
MPRegen 0.08/turn                (no ring)

@: no status effects
A: condensation shield, demonic magic 1
a: no special abilities


You were on level 2 of the Dungeon.
You visited 1 branch of the dungeon, and saw 2 of its levels.

You collected 55 gold pieces.

Inventory:

Hand Weapons
 a - a +0 war axe (weapon)
Armour
 b - a +0 scale mail (worn)
 c - a +0 buckler (worn)
Jewellery
 h - a ring of wizardry
Scrolls
 e - a scroll of brand weapon {unknown}
 g - a scroll of teleportation {unknown}
 i - a scroll of identify {unknown}
Potions
 d - 2 potions of might
 f - 3 potions of curing {unknown}
 j - a potion of heal wounds {unknown}


   Skills:
 + Level 4.2 Fighting
 - Level 1.9 Axes
 - Level 2.8 Armour
 - Level 2.8 Shields


You had 2 spell levels left.
You didn't know any spells.
Your spell library was empty.

Dungeon Overview and Level Annotations

Branches:
Dungeon (2/15)

Altars:

Annotations:
D:2 Sigmund


Innate Abilities, Weirdness & Mutations

A meltable shield of frost defends you. (SH +0)
Spells you cast may paralyse adjacent enemies.


Message History

Found a falchion.
Found a faded altar of an unknown god.
Found a club.
Found a mace.
f - 3 golden potions (gained 1) Sigmund the Dreaded comes into view.
He is wielding a +2 scythe of flaming, wearing a +2 robe of willpower and carrying a wand of digging (1).
Sigmund shouts!
Sigmund points at you and mumbles some strange words.
The puff of flame hits you!
Your condensation shield dissipates!
You block Sigmund's attack.
You hit Sigmund.
Sigmund is lightly wounded.
Sigmund hits you but does no damage.
You barely miss Sigmund.
Sigmund is lightly wounded.
Sigmund hits you with a +2 scythe of flaming!
Sigmund burns you.
You closely miss Sigmund.
Sigmund is lightly wounded.
Sigmund points at you and mumbles some strange words.
You are confused.
You miss Sigmund. Sigmund barely misses you.
You miss Sigmund. Sigmund barely misses you.
You bump into the rock wall.
You bump into the rock wall.
Sigmund hits you but does no damage.
You bump into the rock wall.
Sigmund hits you with a +2 scythe of flaming.
Sigmund burns you.
You closely miss Sigmund.
You feel less confused. Sigmund completely misses you.
You closely miss Sigmund.
Sigmund hits you with a +2 scythe of flaming!
* * * LOW HITPOINT WARNING * * *
Sigmund burns you.
* * * LOW HITPOINT WARNING * * *
You hit Sigmund.
Sigmund is lightly wounded.
Sigmund hits you with a +2 scythe of flaming.
You die...

#.##.####.###.#########
#..........#...## #
#..#.####.#.....# #
#..#.# ####...## #
#..#.# ##.## #
####....### #.# #
#.........# #.# #
#.###.###.# #+# # #.
#@# # .. #@# # .# #.#
#. #.# . ... ... ###
##. ## #


You could see Sigmund.

Vanquished Creatures
  7 endoplasms (D:1)
  3 giant cockroaches (D:1)
  3 goblins (D:1)
  6 hobgoblins
  8 jackals (D:1)
  A quokka (D:1)
  3 bats
  3 kobolds (D:1)
34 creatures vanquished.

Notes
Turn   | Place    | Note
-------+----------+-------------------------------------------
     0 | D:1      | p00ps00p the Demonspawn Fighter began the quest for the
                  | Orb.
     0 | D:1      | Reached XP level 1. HP: 18/18 MP: 1/1
    70 | D:1      | Gained mutation: A meltable shield of frost defends you.
                  | (SH +0) [demonic ancestry]
    70 | D:1      | Reached XP level 2. HP: 24/24 MP: 2/2
   497 | D:1      | Gained mutation: Spells you cast may paralyse adjacent
                  | enemies. [demonic ancestry]
   497 | D:1      | Reached XP level 3. HP: 30/30 MP: 3/3
   511 | D:1      | Reached skill level 4 in Fighting
   845 | D:2      | Found a faded altar of an unknown god.
   912 | D:2      | Noticed Sigmund
   925 | D:2      | HP: 1/30 [Sigmund/+2 scythe of flaming (3)]
   926 | D:2      | Slain by Sigmund

Illustrated notes

Levels and vault maps discovered:
D:1:      saegor_arrival_miasma, layout_basic
D:2:      layout_loops_corners, dreamdust_ecumenical_altar_statues, st_stairs_6,
          uniq_crazy_yiuf_cottage, uniq_sigmund

Skill      XL: |  1  2  3 |
---------------+----------+-----
Fighting       | 4 |  4.2
Axes           | |  1.9
Armour         | |  2.8
Shields        | |  2.8

Action                   || total
-------------------------++-------
Melee: War axe           ||    73
Armor: Scale mail        ||    53
Dodge: Dodged            ||    40
Block: Buckler           ||    40

Table legend: (Time is in decaauts)
 A = Elapsed time spent in this place.
 B = Non-inter-level travel time spent in this place.
 C = Inter-level travel time spent in this place.
 D = Time resting spent in this place.
 E = Time spent auto-exploring this place.
 F = Levels seen in this place.
 G = Mean time per level.
                   A        B        C        D        E       F      G
               +--------+--------+--------+--------+--------+-----+--------+
         Total |    958 |    954 |      4 |      0 |    690 |   2 |  479.0 |
       Dungeon |    958 |    954 |      4 |      0 |    690 |   2 |  479.0 |
               +--------+--------+--------+--------+--------+-----+--------+

Top non-repeatable levels by time:
     D:1: 811 daAuts
     D:2: 147 daAuts
